 Dungeon Crawl Stone Soup version 0.25.1-2-g60ff931df9 (webtiles) character file.

Game seed: 11790309444713819180

128167 Kaptain the Earth Mage (level 17, -3/105 HPs)
             Began as a Gargoyle Earth Elementalist on Sept 10, 2020.
             Slain by a merfolk
             ... wielding a +0 trident
              (12 damage)
             ... on level 1 of the Shoals.
             The game lasted 02:50:55 (40903 turns).

Kaptain the Earth Mage (GrEE)                      Turns: 40903, Time: 02:50:55

Health: -3/105     AC: 26    Str: 19    XL:     17   Next: 2%
Magic:  27/43      EV: 12    Int: 34    God:
Gold:   3092       SH:  5    Dex: 13    Spells: 29/43 levels left

rFire    . . .     SeeInvis .   Z - +10 battleaxe of Extremism {elec, +Fly rC+ Str+3 Int+4}
rCold    + + .     Gourm    .   (shield currently unavailable)
rNeg     + + .     Faith    .   S - +0 troll leather armour
rPois    ∞         Spirit   .   o - +0 helmet
rElec    +         Reflect  +   M - +0 cloak
rCorr    .         Harm     .   Q - +0 pair of gloves {Dex+3}
MR       +....                  Y - +2 pair of boots
Stlth    ++........             C - amulet of reflection
HPRegen  0.67/turn              K - ring "Utuuh" {rC+ rN+ MP+9 Str+3 Int+2}
MPRegen  0.28/turn              w - +6 ring of intelligence

@: flying
A: big wings, negative energy resistance 1, electricity resistance, unbreathing,
petrification resistance, rot immunity, AC +12
a: Stop Flying


You were on level 1 of the Shoals.
You were not hungry.

You visited 5 branches of the dungeon, and saw 25 of its levels.
You also visited: Sewer and Gauntlet.

You collected 3092 gold pieces.

Inventory:

Hand Weapons
 x - a +3 short sword of venom
 X - the +3 battleaxe "Jellyslayer" {speed, *Rage MR++ Int+3 Dex+4}
   (You took it off a tengu conjurer on level 15 of the Dungeon)

   Attacks with this weapon are significantly faster.
   It affects your intelligence (+3).
   It affects your dexterity (+4).
   It affects your resistance to hostile enchantments.
   It may make you go berserk in combat.
 Z - the +10 battleaxe of Extremism (weapon) {elec, +Fly rC+ Str+3 Int+4}
   (You found it on level 6 of the Lair of Beasts)

   Occasionally, upon striking a foe, it will discharge some electrical energy
   and cause terrible harm.
   It affects your strength (+3).
   It affects your intelligence (+4).
   It protects you from cold.
   It lets you fly.
Missiles
 u - 279 stones (quivered)
Armour
 c - a +2 pair of gloves
 o - a +0 helmet (worn)
 v - a +0 kite shield
 A - a +2 leather armour of fire resistance
 M - a +0 cloak (worn)
 N - +0 acid dragon scales
 O - a +2 buckler
 Q - a +0 pair of gloves of dexterity (worn)
 S - a +0 troll leather armour (worn)
 Y - a +2 pair of boots (worn)
Magical Staves
 y - an uncursed staff of conjuration
Jewellery
 b - an uncursed ring of magical power
 w - a +6 ring of intelligence (right hand)
 C - an amulet of reflection (around neck)
 K - the ring "Utuuh" (left hand) {rC+ rN+ MP+9 Str+3 Int+2}
   (You found it in a Gauntlet)

   [ring of positive energy]

   It affects your strength (+3).
   It affects your intelligence (+2).
   It protects you from cold.
   It protects you from negative energy.
   It affects your magic capacity (+9).
 L - an uncursed ring of protection from cold
Wands
 B - a wand of disintegration (16)
 F - a wand of digging (4)
 I - a wand of iceblast (7)
Scrolls
 a - 4 scrolls of fog
 e - 10 scrolls of identify
 g - 11 scrolls of teleportation
 j - 6 scrolls of enchant armour
 k - 5 scrolls of amnesia
 q - 5 scrolls of immolation
 E - a scroll of torment
 G - 5 scrolls of remove curse
 P - a scroll of fear
 R - 2 scrolls of holy word
 U - 4 scrolls of enchant weapon
 V - a scroll of summoning
Potions
 h - 2 potions of brilliance
 i - 5 potions of stabbing
 l - 7 potions of might
 n - 7 potions of mutation
 p - 7 potions of magic
 r - a potion of berserk rage
 s - 12 potions of curing
 t - 3 potions of resistance
 z - 7 potions of haste
 D - a potion of ambrosia
 H - a potion of cancellation
 J - 6 potions of invisibility
Miscellaneous
 f - a phial of floods
 m - a lightning rod (4/4)
 T - a tin of tremorstones (3/3)
Comestibles
 d - 56 rations


   Skills:
 + Level 11.6 Fighting
 + Level 9.2 Armour
 - Level 1.5 Dodging
 - Level 2.1 Stealth
 - Level 7.8 Shields
 * Level 13.9 Spellcasting
 * Level 15.8 Conjurations
 - Level 0.7 Transmutations
 * Level 17.5 Earth Magic


You had 29 spell levels left.
You knew the following spells:

 Your Spells              Type           Power        Failure   Level  Hunger
a - Sandblast             Erth           ######       0%          1    None
b - Stone Arrow           Conj/Erth      ######       0%          3    None
c - Lee's Rapid Deconstr  Erth           #######...   1%          5    None
d - Animate Skeleton      Necr           N/A          1%          1    None
e - Petrify               Tmut/Erth      ######..     1%          4    None

Your spell library contained the following spells:

 Spells                   Type           Power        Failure   Level  Hunger
 Apportation              Tloc           ###...       1%          1    None
 Corona                   Hex            ###....      1%          1    None
 Summon Small Mammal      Summ           ###.         1%          1    None
 Passwall                 Tmut/Erth      ######..     1%          2    None
 Irradiate                Conj/Tmut      ######....   1%          5    None
 Fireball                 Conj/Fire      ######....   2%          5    None
 Ignite Poison            Fire/Tmut/Pois ####....     5%          3    None
 Starburst                Conj/Fire      ######....   12%         6    ###....
 Hydra Form               Tmut           ####......   93%         6    ###....
 Dragon Form              Tmut           ####......   100%        7    #####..
 Ring of Flames           Chrm/Fire      ###.......   100%        7    #####..
 Ignition                 Fire           ###.......   100%        8    ######.
 Statue Form              Tmut/Erth      Unusable     N/A         6    N/A

Dungeon Overview and Level Annotations

Branches:
Dungeon (15/15)            Temple (1/1) D:6            Lair (6/6) D:9
 Shoals (1/4) Lair:3       Spider (0/4) Lair:3        Slime (0/5) Lair:5
    Orc (2/2) D:9             Elf (0/3) Orc:2        Vaults (0/5) D:13
 Depths (0/5) D:15          Sewer (visited)         Gauntlet (visited)

Altars:
Ashenzari
Cheibriados
Dithmenos
Elyvilon
Fedhas
Gozag
Hepliaklqana
Kikubaaqudgha
Makhleb
Nemelex Xobeh
Okawaru
Qazlal
Ru
Sif Muna
Trog
Uskayaw
Vehumet
Wu Jian
Xom
Yredelemnul
Zin
The Shining One
Beogh

Shops:
D:5 [   D:6 *   D:8 *   Orc:2 ((=!

Annotations:
D:7 2 transporters, emsyzz's ghost, novice DEFE


Innate Abilities, Weirdness & Mutations

You are resistant to torment.
Your stone body is resilient. (AC +12)
You are immune to poison.
Your large and strong wings let you fly indefinitely.
You resist negative energy. (rN+)
You are resistant to electric shocks. (rElec)
You can survive without breathing.
You are immune to petrification.
You are immune to rotting.


Message History

The merfolk siren shouts!
A merfolk comes into view. It is wielding a +3 trident.
The wind drake flaps its wings at you.
The air twists around and violently strikes you in flight!!
The merfolk hits you but does no damage.
The merfolk closely misses you.
Cornered, the wind drake turns to fight!
The wind drake flaps its wings at you.
The air twists around and violently strikes you in flight!!
* * * LOW HITPOINT WARNING * * *
The merfolk hits you but does no damage.
You block the merfolk's attack.
The merfolk hits you from afar with a +0 trident.
* * * LOW HITPOINT WARNING * * *
The water elemental barely misses you.
There is a staircase back to the Lair here.
Unknown command.
Okay, then.
The merfolk hits you from afar with a +0 trident!
You die...

..........?≈≈
.....[.....≈
......≈...≈
######..>..m...≈
.≈......≈≈$≈≈..≈
≈....≈.≈≈≈≈≈...≈
.m≈.≈≈m.≈.≈.....
..m.≈mmE@.k.....
########m≈≈.......
#.≈......≈..[...#.
.≈..............#
...≈≈..?..≈≈..%≈≈≈
≈≈m≈≈...≈≈≈≈≈≈≈≈≈≈
≈≈≈≈≈..≈≈≈≈≈≈≈≈≈P≈
≈≈≈≈≈≈≈≈≈≈≈.≈≈≈≈≈P
≈≈≈≈≈≈≈≈≈≈≈≈≈≈≈≈≈


You could see a wind drake (repels missiles), 5 merfolk, a water elemental, a
merfolk siren and a water nymph (fleeing).

Vanquished Creatures
  A sphinx (D:15)
  A storm dragon (D:15)
  A fire giant (D:15)
  A stone giant (D:9)
  A minotaur (Gauntlet)
  Azrael (D:12)
  2 ettins
  A great orb of eyes (Gauntlet)
  A fire dragon (D:15)
  7 hydras
  8 vault guards (D:13)
  A rakshasa (D:15)
  5 centaur warriors
  The ghost of Joresh2 the Tormented, a journeyman DsNe of Kikubaaqudgha (Orc:2)
  14 two-headed ogres
  A tengu warrior (D:14)
  3 ogre magi (D:15)
  3 death yaks (Lair:4)
  A queen ant (Gauntlet)
  A dancing weapon (Orc:2)
  Sonja (D:11)
  A fire crab (shapeshifter) (D:15)
  A deep troll (D:15)
  4 unseen horrors
  3 flayed ghosts (D:15)
  A harpy (D:15)
  8 orc knights
  4 oklob plants (Lair:6)
  4 orc sorcerers
  2 wolf spiders (Lair:6)
  5 ugly things
  4 cyclopes
  2 manticores
  A deep elf mage (D:15)
  Joseph (D:7)
  11 elephants
  A smoke demon (Gauntlet)
  A guardian serpent (Lair:6)
  2 molten gargoyles (Lair:5)
  10 black mambas
  A torpor snail (Lair:6)
  2 centaur skeletons
  4 gargoyles
  A spiny frog (shapeshifter) (D:12)
  12 spiny frogs
  7 rime drakes
  A kobold demonologist (D:15)
  3 freezing wraiths (D:15)
  2 yaktaurs (D:15)
  7 komodo dragons
  2 tengu conjurers
  A red devil (Gauntlet)
  8 trolls
  A meliai (D:15)
  A merfolk (Shoals:1)
  2 jumping spiders (Lair:3)
  9 polar bears (Lair:6)
  A snapping turtle (Lair:3)
  2 hornets (Lair:6)
  4 raiju
  7 hippogriffs
  3 slime creatures (D:15)
  20 blink frogs
  A centaur simulacrum (D:15)
  6 dream sheep (Lair:4)
  A shadow (D:14)
  A redback (shapeshifter) (D:15)
  2 redbacks (Lair:3)
  9 wyverns
  2 vampires
  31 yaks
  4 basilisks
  4 hogs (D:9)
  2 fire elementals (D:12)
  5 hungry ghosts
  A human (D:9)
  4 vampire mosquitoes
  A warg (shapeshifter) (D:15)
  12 wargs
  A harpy simulacrum (D:15)
  2 acid dragons (D:15)
  3 soldier ants (Gauntlet)
  16 water moccasins
  15 hell hounds
  4 porcupines
  Purgy (Sewer)
  A meliai simulacrum (D:14)
  40 orc warriors
  4 ice beasts
  A hornet zombie (D:13)
  A sky beast (D:15)
  11 ogres
  3 phantoms
  14 black bears
  24 wolves
  2 necrophages
  A boggart (D:15)
  19 centaurs
  8 crocodiles
  6 big kobolds
  24 bullfrogs
  Blork the orc (D:6)
  2 gnoll sergeants
  9 scorpions
  6 killer bees (D:10)
  4 wights (D:13)
  2 electric eels
  5 howler monkeys
  2 bullfrog zombies (D:7)
  11 crimson imps
  5 lava snakes (Lair:5)
  A quasit (D:10)
  7 centaur zombies
  4 jellies
  31 orc wizards
  18 orc priests
  6 hounds
  Ijyb (D:3)
  5 iguanas
  6 worker ants
  A killer bee zombie (D:7)
  2 hound skeletons
  Robin (D:3)
  A howler monkey skeleton (D:6)
  8 adders
  14 gnolls
  5 shadow imps
  3 oozes (Lair:5)
  2 adder skeletons
  2 worms
  4 dart slugs
  3 leopard geckos
  100 orcs
  10 bats
  8 giant cockroaches
  13 goblins
  8 hobgoblins
  5 jackals
  30 kobolds
  5 quokkas
  2 ball pythons
  A frilled lizard (D:3)
  A giant cockroach zombie (D:5)
  2 jackal skeletons (D:5)
  A quokka skeleton (D:5)
  A quokka zombie (D:5)
  6 rats
  3 plants (Lair:6)
878 creatures vanquished.

Vanquished Creatures (collateral kills)
  A fire dragon (D:9)
  A catoblepas (Lair:6)
  A two-headed ogre (D:15)
  A hell knight (D:15)
  A wolf spider zombie (D:15)
  2 elephants
  2 black mambas (Lair:6)
  A rime drake (Lair:5)
  A blink frog (Lair:2)
  A harpy skeleton (D:15)
  A dream sheep (Lair:6)
  2 yaks (Lair:3)
  2 wyverns (Lair:6)
  2 wargs (Lair:6)
  3 water moccasins
  2 hell hounds (Lair:6)
  A black bear (Lair:6)
  An orc warrior (D:10)
  2 wolves (Lair:6)
  2 crocodiles
  3 fungi
  3 plants
36 creatures vanquished.

Vanquished Creatures (others)
  10 demonic plants (Gauntlet)
  40 fungi
  43 plants
93 creatures vanquished.

Grand Total: 1007 creatures vanquished

Notes
Turn   | Place    | Note
-------+----------+-------------------------------------------
     0 | D:1      | Kaptain the Gargoyle Earth Elementalist began the quest for
                  | the Orb.
     0 | D:1      | Reached XP level 1. HP: 10/10 MP: 3/3
   292 | D:1      | Reached XP level 2. HP: 16/16 MP: 3/5
   739 | D:1      | Reached skill level 4 in Earth Magic
  1079 | D:2      | Reached XP level 3. HP: 20/20 MP: 2/6
  1084 | D:2      | Learned a level 3 spell: Stone Arrow
  1142 | D:2      | Reached skill level 1 in Fighting
  1249 | D:2      | Reached skill level 1 in Armour
  1744 | D:2      | Found an opulent altar of Gozag.
  2215 | D:3      | Noticed an ogre
  2343 | D:3      | Noticed Robin
  2348 | D:3      | Killed Robin
  2348 | D:3      | Reached XP level 4. HP: 25/25 MP: 4/8
  2526 | D:3      | Reached skill level 1 in Conjurations
  2533 | D:3      | Reached XP level 5. HP: 16/29 MP: 0/9
  2534 | D:3      | Reached skill level 5 in Earth Magic
  2724 | D:3      | Noticed Ijyb
  2735 | D:3      | Killed Ijyb
  2837 | D:3      | Learned a level 5 spell: Lee's Rapid Deconstruction
  2952 | D:3      | Reached XP level 6. HP: 35/35 MP: 7/10
  3521 | D:4      | Reached XP level 7. HP: 22/40 MP: 5/12
  3705 | D:4      | Reached skill level 6 in Earth Magic
  3859 | D:4      | Got a brightly glowing robe
  3861 | D:4      | Got a fine mace
  3862 | D:4      | Identified the +3 mace of Truncation {antimagic, *Rage
                  | +Rage Str+3 Int+5} (You found it on level 4 of the Dungeon)
  3943 | D:4      | Identified the +1 robe of Onneschi {Harm rF+ Regen+ Dex+3}
                  | (You found it on level 4 of the Dungeon)
  4216 | D:4      | Found a basalt altar of Yredelemnul.
  4554 | D:5      | Entered Level 5 of the Dungeon
  4849 | D:5      | Found Rusmiffu's Antique Armour Boutique.
  5016 | D:5      | Reached XP level 8. HP: 22/46 MP: 12/14
  5997 | D:6      | Found a staircase to the Ecumenical Temple.
  6025 | D:6      | Reached skill level 7 in Earth Magic
  6305 | D:6      | Noticed Blork the orc
  6332 | Temple   | Entered the Ecumenical Temple
  6493 | D:6      | Found a glowing drain.
  6516 | Sewer    | Entered a sewer
  6612 | Sewer    | Noticed Purgy
  6623 | Sewer    | Killed Purgy
  6623 | Sewer    | Reached skill level 5 in Spellcasting
  6756 | D:6      | Killed Blork the orc
  6756 | D:6      | Reached skill level 5 in Conjurations
  7051 | D:6      | Found Yshriammo's General Store.
  7306 | D:6      | Reached XP level 9. HP: 52/52 MP: 7/17
  7810 | D:7      | Reached skill level 8 in Earth Magic
  8246 | D:7      | Noticed emsyzz's ghost (novice DEFE)
  8247 | D:7      | Found a transporter.
  8251 | D:7      | Found a transporter.
  8252 | D:7      | Noticed a hornet
  8963 | D:7      | Noticed Joseph
  8969 | D:7      | Killed Joseph
  9317 | D:8      | Found Zankisad's Assorted Antiques.
  9326 | D:8      | Reached skill level 9 in Earth Magic
  9502 | D:8      | Reached skill level 5 in Fighting
  9699 | D:8      | Reached XP level 10. HP: 59/59 MP: 10/20
  9836 | D:8      | Reached skill level 5 in Armour
 10310 | D:9      | Noticed a fire dragon
 10667 | D:9      | Learned a level 1 spell: Animate Skeleton
 10672 | D:9      | Learned a level 4 spell: Petrify
 10800 | D:9      | Found a staircase to the Lair.
 10966 | D:9      | Noticed a two-headed ogre
 10988 | D:9      | Killed a two-headed ogre
 10988 | D:9      | Reached skill level 10 in Earth Magic
 11099 | D:9      | Killed a fire dragon
 11715 | D:9      | Found a staircase to the Orcish Mines.
 11724 | Orc:1    | Entered Level 1 of the Orcish Mines
 11728 | Orc:1    | Reached XP level 11. HP: 64/64 MP: 22/22
 11941 | Lair:1   | Entered Level 1 of the Lair of Beasts
 11995 | Lair:1   | Noticed a six-headed hydra
 12002 | Lair:1   | Killed a six-headed hydra
 12296 | Lair:1   | Reached skill level 11 in Earth Magic
 13405 | Lair:2   | Reached skill level 10 in Conjurations
 14023 | Lair:2   | Reached XP level 12. HP: 72/72 MP: 25/25
 14513 | Lair:3   | Noticed an eight-headed hydra
 14518 | Lair:3   | Killed an eight-headed hydra
 14518 | Lair:3   | Reached skill level 12 in Earth Magic
 14670 | Lair:3   | Reached skill level 1 in Shields
 14958 | Lair:3   | Found a staircase to the Shoals.
 15444 | Lair:3   | Found a hole to the Spider Nest.
 16415 | Lair:3   | Reached skill level 10 in Spellcasting
 16647 | Lair:4   | Reached skill level 13 in Earth Magic
 17316 | Lair:4   | Reached XP level 13. HP: 78/78 MP: 16/27
 17545 | Lair:5   | Found a staircase to the Slime Pits.
 19617 | Lair:6   | Entered Level 6 of the Lair of Beasts
 20783 | Lair:6   | Reached skill level 5 in Shields
 20783 | Lair:6   | Reached skill level 14 in Earth Magic
 21929 | Lair:6   | Gained mutation: Your large and strong wings let you fly
                  | indefinitely. [Gargoyle growth]
 21929 | Lair:6   | Reached XP level 14. HP: 43/86 MP: 17/29
 24526 | Lair:6   | Reached skill level 15 in Earth Magic
 25927 | Lair:6   | Got a polished battleaxe
 26597 | D:9      | Identified a scroll of acquirement
 26597 | D:9      | Acquired a book of Fire
 26967 | Orc:1    | Noticed a stone giant
 27102 | D:9      | Killed a stone giant
 27470 | Orc:1    | Found a roughly hewn altar of Beogh.
 27769 | Orc:2    | Entered Level 2 of the Orcish Mines
 27776 | Orc:2    | Reached skill level 10 in Fighting
 28036 | Orc:2    | Found a runed translucent door.
 28037 | Orc:2    | Found a shimmering altar of Xom.
 28037 | Orc:2    | Noticed Joresh2's ghost (journeyman DsNe)
 28115 | Orc:2    | Found a bloodstained altar of Trog.
 28621 | Orc:2    | Reached XP level 15. HP: 92/92 MP: 25/31
 29102 | Orc:2    | Found Katoroits's Weapon Shoppe.
 29102 | Orc:2    | Found Foste's Antique Weapon Boutique.
 29281 | Orc:2    | Found a roughly hewn altar of Beogh.
 29594 | Orc:2    | Identified the +10 battleaxe of Extremism {elec, +Fly rC+
                  | Str+3 Int+4} (You found it on level 6 of the Lair of
                  | Beasts)
 29787 | Orc:2    | Found Juess's Jewellery Shoppe.
 29787 | Orc:2    | Found Feruox's Distillery.
 29811 | Orc:2    | Found a staircase to the Elven Halls.
 30315 | Orc:2    | Killed Joresh2's ghost
 30513 | D:10     | Entered Level 10 of the Dungeon
 32107 | D:11     | Noticed Sonja
 32297 | D:11     | Killed Sonja
 32425 | D:11     | You fall into a shaft and drop 3 floors!
 32560 | D:14     | Found a glowing golden altar of the Shining One.
 33046 | D:12     | Found a gate leading to a gauntlet.
 33058 | Gauntlet | Entered a Gauntlet
 33058 | Gauntlet | Found a transporter.
 33058 | Gauntlet | Found a transporter.
 33077 | Gauntlet | Found a transporter.
 33086 | Gauntlet | Found a transporter.
 33088 | Gauntlet | Found a large runed translucent door.
 33088 | Gauntlet | Found a large runed translucent door.
 33089 | Gauntlet | Found a large runed translucent door.
 33089 | Gauntlet | Found a large runed translucent door.
 33090 | Gauntlet | Found a large runed translucent door.
 33090 | Gauntlet | Found a large runed translucent door.
 33090 | Gauntlet | Found a runed translucent door.
 33090 | Gauntlet | Found a runed translucent door.
 33090 | Gauntlet | Found a large runed translucent door.
 33090 | Gauntlet | Found a large runed translucent door.
 33093 | Gauntlet | Found a large runed translucent door.
 33093 | Gauntlet | Found a large runed translucent door.
 33097 | Gauntlet | Found a large runed translucent door.
 33097 | Gauntlet | Found a large runed translucent door.
 33098 | Gauntlet | Found a large runed translucent door.
 33098 | Gauntlet | Found a large runed translucent door.
 33099 | Gauntlet | Found a runed translucent gate.
 33099 | Gauntlet | Found a runed translucent gate.
 33099 | Gauntlet | Found a runed translucent gate.
 33101 | Gauntlet | Found a transporter.
 33111 | Gauntlet | Found a large runed translucent door.
 33112 | Gauntlet | Found a large runed translucent door.
 33114 | Gauntlet | Found a transporter.
 33131 | Gauntlet | Found a transporter.
 33206 | Gauntlet | Found a transporter.
 33224 | Gauntlet | Found a transporter.
 33225 | Gauntlet | Found a transporter.
 33228 | Gauntlet | Found a transporter.
 33235 | Gauntlet | Found a transporter.
 33266 | Gauntlet | Found a transporter.
 33292 | Gauntlet | Found a transporter.
 33332 | Gauntlet | Found a transporter.
 33352 | Gauntlet | Found a transporter.
 33562 | Gauntlet | Got a steaming halberd
 33563 | Gauntlet | Identified the cursed +3 halberd "Xuomyi" {vamp, rF++ MR-}
                  | (You found it in a Gauntlet)
 33627 | Gauntlet | Reached skill level 16 in Earth Magic
 33804 | Gauntlet | Got a coiled glass ring
 33805 | Gauntlet | Identified the ring "Utuuh" {rC+ rN+ MP+9 Str+3 Int+2} (You
                  | found it in a Gauntlet)
 34061 | Gauntlet | Got a crystal spear
 34064 | D:12     | Identified the cursed +1 spear of Putrescence {elec, Dex+4
                  | Stlth+} (You found it in a Gauntlet)
 34350 | D:12     | Noticed Azrael
 34357 | D:12     | Killed Azrael
 36467 | D:13     | Found a gate to the Vaults.
 36700 | D:14     | Reached XP level 16. HP: 99/99 MP: 33/33
 37443 | D:15     | Entered Level 15 of the Dungeon
 37658 | D:15     | Reached skill level 15 in Conjurations
 37836 | D:15     | Found a sacrificial altar of Ru.
 37836 | D:15     | Found a snail-covered altar of Cheibriados.
 37837 | D:15     | Found an ornate altar of the Wu Jian Council.
 38265 | D:15     | Found a staircase to the Depths.
 38520 | D:15     | Noticed a sphinx
 38525 | D:15     | Killed a sphinx
 38525 | D:15     | Reached skill level 17 in Earth Magic
 39162 | D:15     | Noticed a storm dragon
 39179 | D:15     | Killed a storm dragon
 39358 | D:15     | Identified the +3 battleaxe "Jellyslayer" {speed, *Rage
                  | MR++ Int+3 Dex+4}
 40478 | D:15     | Reached XP level 17. HP: 105/105 MP: 27/34
 40891 | Shoals:1 | Entered Level 1 of the Shoals
 40903 | Shoals:1 | Slain by a merfolk

Illustrated notes

Levels and vault maps discovered:
D:1:      shiori_arrival_oz, layout_rooms
D:2:      layout_basic, marbit_many_paths
D:3:      layout_loops_ring, first_ration, minmay_misc_feat_x, uniq_robin,
          uniq_ijyb
D:4:      layout_gridville, lemuel_tele_altar
D:5:      layout_basic, serial_shops, nicolae_shop_waterfront, minmay_puff
D:6:      layout_loops_corners, minmay_temple_entry_glass, portal_sewer_entry_a,
          serial_shops, shop, uniq_blork_the_orc
D:7:      layout_basic, gammafunk_ghost_hive, uniq_joseph
D:8:      layout_rooms, serial_shops, nicolae_shop_overgrown_old_shop
D:9:      layout_gridville, minmay_lair_entry_lava, orc_0_dummy, grunt_livestock
D:10:     layout_big_octagon, hangedman_decor_opposing
D:11:     layout_long_grid, uniq_sonja
D:12:     layout_loops_corners, gauntlet_entry_generic, uniq_azrael
D:13:     layout_long_grid, erik_vaults_2
D:14:     layout_small_grid, nicolae_tso_carved_into_rock, kennysheep_four_rooms
D:15:     hangedman_slaughterboxes
Temple:   kilobyte_greek_temple
Lair:1:   layout_chaotic_city, serial_bayou, serial_bayou_crossing,
          serial_bayou_pond_a, serial_bayou_pond_b, serial_bayou_pond_a
Lair:2:   layout_cave_pods, lemuel_fruit_tree, lemuel_fruit_fields,
          infiniplex_staircase_pool_2, serial_bayou_shore_b
Lair:3:   layout_misc_corridors, minmay_shoals_entry_hut,
          spider_nest_entry_funnel_web, beast_lair_carwin_5
Lair:4:   layout_concentric_octagons
Lair:5:   cheibrodos_magma_flow, layout_loops_ring,
          nicolae_slime_entry_slimehenge, minmay_lair_drake_nest
Lair:6:   hangedman_lair_tendril_chambers, layout_loops_ring,
          hangedman_lair_caniforms_friends, minivault_19,
          minmay_lair_oklob_chamber
Shoals:1: layout_shoals, nicolae_shoals_flooded_hall
Orc:1:    layout_caves, basic_altar
Orc:2:    st_orc_town, layout_diamond_mine, ebering_ghost_xom, basic_altar

Skill      XL: |  1  2  3  4  5  6  7  8  9 10 11 12 13 14 15 16 |
---------------+-------------------------------------------------+-----
Earth Magic    | 4 5 6 7 9 10 11 13 14 15 16 17 | 17.5
Fighting       | 1 2 3 4 5 6 7 8 9 10 11 | 11.6
Armour         | 1 2 3 4 6 7 8 9 |  9.2
Conjurations   | 1 2 3 4 5 7 8 10 11 12 13 14 15 | 15.8
Spellcasting   | 3 4 5 6 7 9 10 11 12 13 | 13.9
Shields        | 3 5 6 7 |  7.8
Dodging        | |  1.5
Stealth        | |  2.1
Transmutations | |  0.7

Action                   |  1- 3 |  4- 6 |  7- 9 | 10-12 | 13-15 | 16-18 || total
-------------------------+-------+-------+-------+-------+-------+-------++-------
Melee: Whip              |     4 |       |       |       |       |       ||     4
       Dagger            |     3 |     2 |       |       |       |       ||     5
       Mace              |       |    24 |    68 |       |       |       ||    92
       Staff             |       |       |    12 |     1 |     7 |       ||    20
       Short sword       |       |       |       |    20 |     7 |       ||    27
       Battleaxe         |       |       |       |       |    60 |    27 ||    87
 Cast: Sandblast         |    56 |    41 |    33 |    23 |   214 |       ||   367
       Stone Arrow       |       |       |   130 |   221 |   533 |    34 ||   918
       Lee's Rapid Decon |       |       |     1 |    38 |   226 |   153 ||   418
       Animate Skeleton  |       |       |       |    37 |    71 |    26 ||   134
       Petrify           |       |       |       |     3 |       |       ||     3
 Abil: Fly               |       |       |       |       |       |     1 ||     1
Evoke: Wand              |       |       |       |     2 |     1 |     1 ||     4
  Use: Scroll            |       |       |    11 |     9 |    17 |     6 ||    43
       Potion            |       |       |       |       |     6 |       ||     6
 Stab: Distracted        |       |       |       |     1 |       |     1 ||     2
  Eat: Chunk             |     4 |     5 |    22 |    21 |    65 |    12 ||   129
       Ration            |       |       |     1 |     3 |     7 |     1 ||    12
Armor: Leather armour    |    11 |    14 |    50 |    90 |   248 |       ||   413
       Robe              |     2 |       |       |       |       |       ||     2
       Troll leather arm |       |       |       |       |    80 |    65 ||   145
Dodge: Dodged            |    15 |    26 |    86 |    87 |   251 |    43 ||   508
Block: Other             |       |       |       |    33 |    92 |    16 ||   141
       Kite shield       |       |       |       |       |   128 |       ||   128
       Reflection        |       |       |       |       |    15 |     5 ||    20
